cohdb
Replays
Latest Replays
All Replays
Popular Replays
Top Player Replays
Match Explorer
How It Works
Community
CoH3 Stats
Reddit
Sign in to upload your games and track your stats! →
Sign in with Steam
Match 29206471
Unlisted
Match 29206471
Overview
Messages
Build Orders
End
Panzergrenadier Squad
Selects Armored Support Battlegroup
Panzergrenadier Squad
Panzergrenadier Squad
Construct Light Support Kompanie
Selects Veteran Gunners
Fire Support Elements
2.5-tonne Medical Truck
Veteran Squad Leaders
Selects Salvage Kits
Panzergrenadier Squad
Pak 38 Mechanized Group
le.IG 18 Support Gun Team
Selects Panzer Storm
Construct Panzerarmee Kommand
Walking Stuka Rocket Launcher
Armored Reserves
Selects Stuka Dive Bomb
Stuka Dive Bomb
Vehicle Survival Package
Tungsten Core Ammunition
Rapid Advance
Emergency Repair Kits
Stuka Dive Bomb
1582
Gurkhas_rule
GG
爱玩的可乐
IRAQI ARMY
Benzene
AT4Chicken
??
0
0
Comments
sign in to comment!
No comments posted yet!